 Dungeon Crawl Stone Soup version 0.30.1-11-g7821555f0a (webtiles) character file.

Game seed: 15122399503933847613

202 pkoi the Insei (level 5, 0/67 HPs)
             Began as a Draconian Monk on Oct 30, 2023.
             Slain by a black bear (2 damage)
             ... on level 3 of the Dungeon.
             The game lasted 00:03:23 (2662 turns).

pkoi the Insei (Draconian Monk)                     Turns: 2662, Time: 00:03:24

Health: 0/67       AC:  5    Str: 13    XL:     5   Next: 50%
Magic:  5/5        EV: 12    Int: 12    God:
Gold:   184        SH:  0    Dex: 14    Spells: 4/4 levels left

rFire   . .          .
                       - Unarmed
rCold   . . .        b - orb {light}
rNeg    . . .        (body armour unavailable)
rPois   .            (helmet restricted)
rElec   .            (no cloak)
rCorr   .            (no gloves)
SInv    .            (no boots)
Will    +....        (no amulet) Stlth
                     i - ring of willpower
HPRegen 0.31/turn    j - ring of wizardry
MPRegen 0.09/turn

%: wizardry (x1)
@: berserking, glowing, very quick
A: AC +5, unfitting armour, cold-blooded
a: no special abilities


You were on level 3 of the Dungeon.
You visited 1 branch of the dungeon, and saw 3 of its levels.

You collected 184 gold pieces.

Inventory:

Hand Weapons
 d - a +1 short sword of draining
Armour
 b - an orb of light (worn)
Jewellery
 i - a ring of willpower (left hand)
 j - a ring of wizardry (right hand)
Scrolls
 c - 4 scrolls of teleportation
 f - a scroll of fog {unknown}
 l - a scroll of blinking
Potions
 a - 4 potions of ambrosia
 e - a potion of might
 h - a potion of curing
 k - a potion of cancellation {unknown}
 m - a potion of heal wounds


   Skills:
 + Level 3.3 Fighting
 + Level 2.7 Dodging
 + Level 6.2 Unarmed Combat


You had 4 spell levels left.
You didn't know any spells.
Your spell library contained the following spells:

 Spells                   Type           Power      Damage    Failure   Level
 Magic Dart               Conj           0%         1d3       13%         1
 Searing Ray              Conj           0%         2d4       21%         2
 Fulminant Prism          Conj/Hex       0%         3d5       75%         4


Dungeon Overview and Level Annotations

Branches:
Dungeon (3/15)

Altars:

Shops:
D:2 =


Innate Abilities, Weirdness & Mutations

Your plain brown scales are hard. (AC +5)
You cannot fit into any form of body armour.
You are cold-blooded and may be slowed by cold attacks.


Message History

The black bear barely misses you.
The black bear claws you but does no damage. x2
You barely miss the black bear.
The black bear is moderately wounded.
The black bear bites you. The black bear claws you.
The black bear claws you but does no damage.
You hit the black bear but do no damage.
The black bear is moderately wounded.
The black bear bites you.
The black bear claws you but does no damage.
The black bear claws you.
You hit the black bear.
The black bear is heavily wounded.
The black bear bites you.
The black bear claws you but does no damage.
The black bear barely misses you.
You hit the black bear.
The black bear is severely wounded.
The black bear goes berserk!
You hit the black bear.
The black bear is severely wounded.
The black bear bites you. The black bear claws you. x2
You hit the black bear but do no damage.
The black bear is severely wounded.
The black bear bites you!
* * * LOW HITPOINT WARNING * * *
The black bear claws you.
* * * LOW HITPOINT WARNING * * *
The black bear claws you but does no damage.
A red film seems to cover your vision as you go berserk!
You feel yourself moving faster!
You feel mighty! The black bear bites you.
* * * LOW HITPOINT WARNING * * *
The black bear claws you but does no damage.
The black bear claws you.
* * * LOW HITPOINT WARNING * * *
The black bear bites you.
* * * LOW HITPOINT WARNING * * *
The black bear claws you but does no damage.
The black bear claws you.
You die...

###.# #?.>. ##
#.... .#
#....#.#
#......#
#......
#....h## ..
#....@.# .#
######.####
#.# #....# #.#
####.###.#####
#.##......# .#
#.##......##..
#.........##..
##.#......##..
#.#......###.


You could see a black bear (berserk).

Vanquished Creatures
  An orc priest (D:3)
  An orc wizard (D:3)
  A gnoll (D:1)
  7 adders
  A worm (D:2)
  A dart slug (D:1)
  3 orcs
  6 endoplasms
  5 goblins
  9 hobgoblins
  8 quokkas
  6 ball pythons
  3 bats
  7 frilled lizards
  7 kobolds
  7 rats
73 creatures vanquished.

Notes
Turn   | Place    | Note
-------+----------+-------------------------------------------
     0 | D:1      | pkoi the Draconian Monk began the quest for the Orb.
     0 | D:1      | Reached XP level 1. HP: 19/19 MP: 1/1
    83 | D:1      | Reached XP level 2. HP: 24/26 MP: 2/2
   174 | D:1      | Reached skill level 4 in Unarmed Combat
   312 | D:1      | Reached XP level 3. HP: 26/31 MP: 3/3
  1226 | D:2      | Found Cong's Jewellery Emporium.
  1356 | D:2      | Reached skill level 5 in Unarmed Combat
  1356 | D:2      | Reached XP level 4. HP: 28/38 MP: 4/4
  2112 | D:3      | Noticed a black bear
  2258 | D:3      | Reached XP level 5. HP: 43/45 MP: 5/5
  2276 | D:3      | Reached skill level 6 in Unarmed Combat
  2662 | D:3      | HP: 2/67 [black bear (4)]
  2662 | D:3      | Slain by a black bear

Illustrated notes

Levels and vault maps discovered:
D:1:      minmay_arrival_radiant_lines, layout_basic, bh_walls_and_bars
D:2:      layout_loops_ring, serial_shops, shop
D:3:      layout_basic

Skill      XL: |  1  2  3  4  5 |
---------------+----------------+-----
Unarmed Combat | 4 5 6 |  6.2
Fighting       | |  3.3
Dodging        | |  2.7

Action                     |  1- 3 |  4- 6 || total
---------------------------+-------+-------++-------
  Melee: Unarmed           |   110 |   115 ||   225
         Tailslap          |    20 |    13 ||    33
    Use: Scroll            |     2 |     7 ||     9
         Potion            |       |     2 ||     2
 Armour: Skin              |    26 |    40 ||    66
  Dodge: Dodged            |    56 |    54 ||   110
